 Dungeon Crawl Stone Soup version 0.21.0-24-g2553a33 (webtiles) character file.

270 Gorglomux the Ducker (level 6, -5/78 HPs)
             Began as a Minotaur Summoner on Jan 20, 2018.
             Killed from afar by Dowan (19 damage)
             ... with a shard of ice
             ... on level 4 of the Dungeon.
             The game lasted 00:05:41 (3120 turns).

Gorglomux the Ducker (Minotaur Summoner)            Turns: 3120, Time: 00:05:42

Health: -5/78      AC:  8    Str: 20    XL:     6   Next: 1%
Magic:  7/7        EV: 11    Int: 12    God:
Gold:   140        SH:  0    Dex: 10    Spells: 6/7 levels left

rFire    + . .     SeeInvis .   V - +0 falchion
rCold    . . .     Gourm    .   (no shield)
rNeg     . . .     Faith    .   X - +0 scale mail
rPois    .         Spirit   .   (helmet restricted)
rElec    .         Reflect  .   (no cloak)
rCorr    .         Harm     .   (no gloves)
MR       .....                  k - +0 pair of boots
Stlth    ..........             (no amulet)
HPRegen  0.23/turn              f - ring of protection from fire
MPRegen  0.10/turn              (no ring)

@: mighty, berserking (expiring), lethally poisoned (-5 -> -7), very quick
A: retaliatory headbutt, horns 2
a: no special abilities


You were on level 4 of the Dungeon.
You were not hungry.

You visited 1 branch of the dungeon, and saw 4 of its levels.

You collected 140 gold pieces.

Inventory:

Hand Weapons
 h - a +0 short sword
 V - a +0 falchion (weapon)
Armour
 k - a +0 pair of boots (worn)
 X - a +0 scale mail (worn)
Jewellery
 f - a ring of protection from fire (left hand)
Scrolls
 d - 3 scrolls of remove curse {unknown}
 e - a scroll of enchant weapon {unknown}
 l - a scroll of noise {unknown}
 R - 7 scrolls of identify
 T - 3 scrolls of teleportation
 U - 2 scrolls of immolation {unknown}
 W - a scroll of fear {unknown}
Potions
 i - a potion of flight
 Q - 5 potions of curing
Books
 b - a book of Callings

   Spells                             Type                      Level
   a - Summon Small Mammal            Summoning                    1
   b - Call Imp                       Summoning                    2
   c - Call Canine Familiar           Summoning                    3
   d - Summon Guardian Golem          Hexes/Summoning              3
   e - Summon Lightning Spire         Summoning/Air                4
   f - Summon Ice Beast               Ice/Summoning                4
Comestibles
 c - 13 rations
 Y - 2 chunks of flesh


   Skills:
 + Level 3.9 Fighting
 + Level 3.9 Armour
 + Level 4.3 Dodging
 - Level 1.5 Stealth
 - Level 1.3 Spellcasting
 - Level 2.9 Summonings


You had 6 spell levels left.
You knew the following spells:

 Your Spells              Type           Power        Failure   Level  Hunger
a - Summon Small Mammal   Summ           #...         24%         1    ##.....


Dungeon Overview and Level Annotations

Branches:
Dungeon (4/15)
 Temple: D:4-7

Altars:
Wu Jian

Annotations:
D:3 Daviar's ghost, amateur OpAK
D:4 Dowan


Innate Abilities, Weirdness & Mutations

You reflexively headbutt those who attack you in melee.
You have a pair of horns on your head.


Message History

The ice beast partially resists!
The ice beast hits you but does no damage!
Dowan hits you but does no damage!
You closely miss Dowan!
Dowan is heavily wounded!
The ice beast barely misses butt!
Dowan hits you but does no damage!
Unknown command!
You miss Dowan! Your headbutt misses Dowan!
Dowan is heavily wounded!
You feel sick! Dowan hits you but does no damage!
The ice beast butt-ly misses you!
Unknown command!
You barely miss Dowan!
Your headbutt butts Dowan!
Dowan is heavily wounded!
Dowan hits you with a dagger! * * * don't die
* * * The ice beast hits you but does no damage!
Dowan points at you and mumbles some strange words!
The shard of ice hits you!!! rip

##.###.# #......#
#......# ......#
..... ... #†# #Y#
#@#.# #e#.# #.#.#
#.#.# ###### #.#.#
#....# #.#.#
#########.##.###...#
#.........##...##..#
#.############.##..#


You could see an ice beast and Dowan.

Vanquished Creatures
  Duvessa (D:4)
  An iguana (D:2)
  A worker ant (D:4)
  4 adders
  2 oozes
  2 worms (D:3)
  2 dart slugs
  2 orcs (D:3)
  2 giant cockroaches
  9 goblins
  2 hobgoblins
  10 jackals
  6 bats
  2 frilled lizards
  7 kobolds
  4 rats
57 creatures vanquished.

Notes
Turn   | Place    | Note
-------+----------+-------------------------------------------
     0 | D:1      | Gorglomux the Minotaur Summoner began the quest for the Orb.
     0 | D:1      | Reached XP level 1. HP: 14/14 MP: 1/1
   551 | D:1      | Reached skill level 1 in Fighting
   551 | D:1      | Reached skill level 1 in Armour
   553 | D:1      | Reached XP level 2. HP: 9/23 MP: 3/3
  1214 | D:2      | Reached XP level 3. HP: 29/29 MP: 4/4
  1498 | D:2      | Reached skill level 3 in Dodging
  2066 | D:3      | Noticed Daviar's ghost (amateur OpAK)
  2242 | D:2      | Reached XP level 4. HP: 12/37 MP: 5/5
  2755 | D:3      | Found an ornate altar of the Wu Jian Council.
  3041 | D:4      | Reached skill level 3 in Fighting
  3041 | D:4      | Reached skill level 3 in Armour
  3094 | D:4      | Noticed Duvessa
  3097 | D:4      | Noticed an ice beast
  3097 | D:4      | Reached XP level 5. HP: 37/45 MP: 6/6
  3098 | D:4      | Noticed Dowan
  3111 | D:4      | Killed Duvessa
  3111 | D:4      | Reached skill level 4 in Dodging
  3114 | D:4      | Reached XP level 6. HP: 15/52 MP: 7/7
  3120 | D:4      | Killed from afar by Dowan

Skill      XL: |  1  2  3  4  5 |
---------------+----------------+-----
Fighting       | 1 2 3 |  3.9
Armour         | 1 2 3 |  3.9
Dodging        | 3 4 |  4.3
Stealth        | |  1.5
Spellcasting   | |  1.3
Summonings     | |  2.9

Action                   |  1- 3 |  4- 6 || total
-------------------------+-------+-------++-------
Melee: Short sword       |    77 |       ||    77
       Unarmed           |    15 |       ||    15
       Headbutt          |    15 |    13 ||    28
       Falchion          |    33 |    61 ||    94
 Cast: Summon Small Mamm |     4 |       ||     4
  Use: Scroll            |     3 |       ||     3
       Potion            |       |     2 ||     2
 Stab: Sleeping          |     4 |       ||     4
  Eat: Chunk             |     3 |     4 ||     7
Armor: Robe              |    34 |       ||    34
       Scale mail        |    10 |    28 ||    38
Dodge: Dodged            |    93 |    34 ||   127
       Rpst.: Falchion   |     8 |     8 ||    16
